[Event "Titled Tuesday Blitz November 14 Early 2023"]
[White "Hua, Lefong"]
[Black "Chernomordik, Pavel"]
[WhiteFideId "2602253"]
[BlackFideId "2804530"]
[WhiteElo "2675"]
[BlackElo "2514"]
[Result "1-0"]
[Round "4"]
[TimeControl "180+1"]
[Date "2023.11.14"]
[WhiteClock "0:00:17"]
[BlackClock "0:00:26"]
[Board "113"]

1. d4 g6 2. c4 Bg7 3. e4 Nc6 4. Ne2 e5 5. Be3 exd4 6. Nxd4 Qf6 7. Nxc6 dxc6 8. Nc3 Qe7 9. Qc2 Nf6 10. f3 Nh5 11. O-O-O Be6 12. g4 Nf6 13. Be2 Nd7 14. Nd5 cxd5 15. cxd5 Bxd5 16. Rxd5 Nb6 17. Bb5+ Kf8 18. Bc5 Nxd5 19. exd5 Bf6 20. Bxe7+ Bxe7 21. Qxc7 Bf6 22. Kb1 Kg7 23. Bd7 Rhf8 24. f4 Kg8 25. g5 Bg7 26. d6 Rad8 27. Rd1 a5 28. Bg4 a4 29. d7 b5 30. Re1 b4 31. Qxd8 Rxd8 32. Re8+ 1-0


[Site "https://www.chess.com"]

[Event "Titled Tuesday Blitz November 14 Early 2023"]
[White "Jovic, Stanoje"]
[Black "Golubev, Mikhail"]
[WhiteFideId "905020"]
[BlackFideId "14100983"]
[WhiteElo "2512"]
[BlackElo "2663"]
[Result "1/2-1/2"]
[Round "4"]
[TimeControl "180+1"]
[Date "2023.11.14"]
[WhiteClock "0:00:04"]
[BlackClock "0:00:04"]
[Board "114"]

1. c4 g6 2. g3 Bg7 3. Bg2 e5 4. Nc3 Nc6 5. Nf3 d6 6. d3 f5 7. O-O h6 8. Rb1 a5 9. a3 g5 10. Ne1 Nf6 11. b4 axb4 12. axb4 O-O 13. b5 Ne7 14. f4 Ng6 15. fxg5 hxg5 16. Bxg5 Qe8 17. Nd5 Nxd5 18. Bxd5+ Be6 19. Bxb7 Ra2 20. Bc6 Qf7 21. b6 cxb6 22. Rxb6 f4 23. Be4 Qa7 24. c5 Ra1 25. Qd2 Bh3 26. Bxg6 Bxf1 27. Kxf1 fxg3+ 28. Kg2 Ra2 29. Nc2 dxc5 30. Rc6 Qa4 31. d4 Qxc6+ 32. d5 Qa4 33. d6 gxh2 34. Qd5+ Kh8 35. Qe6 Qa8+ 36. Kxh2 Rf2+ 37. Kh3 Qg2+ 38. Kh4 Qh2+ 39. Qh3 Qxh3+ 40. Kxh3 Rxe2 41. d7 Ra8 42. d8=Q+ Rxd8 43. Bxd8 e4 44. Na3 Re3+ 45. Kg4 Rxa3 46. Bxe4 Bd4 47. Kf5 Ra7 48. Bb6 Rb7 49. Bxb7 Kg7 50. Bd5 Kh8 51. Bc7 Kg7 52. Bf4 Kh8 53. Kg6 Bc3 54. Be3 c4 55. Bxc4 Bb2 56. Kf7 Ba1 57. Bf4 Bb2 58. Kg6 Bc3 59. Bg5 Bb2 60. Bf6+ Bxf6 1/2-1/2


[Site "https://www.chess.com"]

[Event "Titled Tuesday Blitz November 14 Early 2023"]
[White "Sokac, Marko"]
[Black "Larino Nieto, David"]
[WhiteFideId "14531356"]
[BlackFideId "2256444"]
[WhiteElo "2498"]
[BlackElo "2632"]
[Result "1-0"]
[Round "4"]
[TimeControl "180+1"]
[Date "2023.11.14"]
[WhiteClock "0:00:10"]
[BlackClock "0:00:00"]
[Board "115"]

1. e4 d5 2. exd5 Qxd5 3. Nc3 Qa5 4. d4 Nf6 5. Bd2 Nc6 6. Bb5 Bg4 7. f3 Bf5 8. d5 a6 9. dxc6 axb5 10. cxb7 Rb8 11. Nd5 b4 12. Nxb4 Qb6 13. a4 e6 14. a5 Qxb7 15. a6 Qa8 16. c4 Nd7 17. Qa4 Rb6 18. a7 Bc5 19. Ne2 Rd6 20. Na6 Qxa7 21. Nxc5 Qxc5 22. Qa8+ Ke7 23. Qxh8 Bd3 24. Qxg7 Nf6 25. Bg5 e5 26. Nc3 h6 27. Nd5+ Rxd5 28. Qxf6+ Kd7 29. Qd8+ Ke6 30. Qxd5+ Qxd5 31. cxd5+ Kxd5 32. O-O-O 1-0


[Site "https://www.chess.com"]

[Event "Titled Tuesday Blitz November 14 Early 2023"]
[White "MFatigue"]
[Black "Wadsworth, Matthew J"]
[BlackFideId "415804"]
[WhiteElo "2485"]
[BlackElo "2614"]
[Result "0-1"]
[Round "4"]
[TimeControl "180+1"]
[Date "2023.11.14"]
[WhiteClock "0:00:09"]
[BlackClock "0:00:10"]
[Board "116"]

1. e4 e6 2. d4 d5 3. Nc3 Nc6 4. Nf3 Nf6 5. e5 Ne4 6. Ne2 f6 7. exf6 Qxf6 8. Ng3 Bd6 9. Bd3 Nxg3 10. hxg3 e5 11. Bg5 Qe6 12. dxe5 Nxe5 13. Nxe5 Qxe5+ 14. Qe2 Qxe2+ 15. Kxe2 h6 16. Bg6+ Kd7 17. Kd2 Kc6 18. Rae1 Bd7 19. Be3 Raf8 20. Bd4 Bc5 21. Bxc5 Kxc5 22. f3 Kd6 23. c3 Bf5 24. Bxf5 Rxf5 25. Re3 Re5 26. Rxe5 Kxe5 27. Re1+ Kd6 28. Kd3 c5 29. a4 b6 30. Re2 Rb8 31. b4 a5 32. b5 g5 33. g4 Rf8 34. Re1 c4+ 35. Kd2 Rf6 36. Re8 Kd7 37. Rh8 Kd6 38. Rc8 Ke5 39. Rd8 Kf4 40. Rxd5 Kg3 41. Rf5 Rd6+ 42. Ke3 Rd3+ 43. Ke4 Rxc3 44. Rf6 Ra3 45. Rxb6 Rxa4 46. Rc6 Rb4 47. b6 Kxg2 48. Ke3 a4 49. Rxh6 a3 50. Rc6 a2 51. b7 a1=Q 52. Ra6 0-1


[Site "https://www.chess.com"]

[Event "Titled Tuesday Blitz November 14 Early 2023"]
[White "Ezat, Mohamed"]
[Black "LangesNasenhaar"]
[WhiteFideId "10600906"]
[WhiteElo "2613"]
[BlackElo "2439"]
[Result "0-1"]
[Round "4"]
[TimeControl "180+1"]
[Date "2023.11.14"]
[WhiteClock "0:00:39"]
[BlackClock "0:01:17"]
[Board "117"]

1. d4 d5 2. c4 e6 3. Nc3 c5 4. cxd5 cxd4 5. Qxd4 Nc6 6. Qd1 exd5 7. Qxd5 Bd7 8. Nf3 Nf6 9. Qd1 Bc5 10. e3 O-O 11. Be2 Qe7 12. O-O Rfd8 13. Qc2 Rac8 14. a3 Bd6 15. b4 Ne5 16. Bb2 Nfg4 17. h3 Nxf3+ 18. Bxf3 Qe5 19. g3 Nxe3 20. fxe3 Bxh3 21. Bg2 Qxg3 22. Rf4 Bxg2 23. Qf2 Bxf4 24. exf4 Qxf2+ 25. Kxf2 Rd2+ 0-1


[Site "https://www.chess.com"]

[Event "Titled Tuesday Blitz November 14 Early 2023"]
[White "Kanyamarala, Tarun"]
[Black "JuniorJumper"]
[WhiteFideId "45004714"]
[WhiteElo "2484"]
[BlackElo "2602"]
[Result "1-0"]
[Round "4"]
[TimeControl "180+1"]
[Date "2023.11.14"]
[WhiteClock "0:00:37"]
[BlackClock "0:00:09"]
[Board "118"]

1. e4 b6 2. d4 Bb7 3. Bd3 e6 4. Nf3 Nf6 5. Qe2 d5 6. Nbd2 dxe4 7. Nxe4 Nbd7 8. Ng3 Bd6 9. Nf5 O-O 10. Nxd6 cxd6 11. Bf4 e5 12. dxe5 dxe5 13. Nxe5 Nd5 14. Bg3 Nxe5 15. Bxe5 Re8 16. O-O-O Qg5+ 17. f4 Nxf4 18. Bxf4 Qxf4+ 19. Qd2 Qxd2+ 20. Rxd2 Re7 21. b3 Rae8 22. Kb2 g6 23. Rf1 Kg7 24. a4 Re5 25. b4 R8e7 26. Ra1 a5 27. bxa5 Rxa5 28. Bb5 Ba6 29. c4 Bxb5 30. cxb5 Rea7 31. Rd4 Kf6 32. Kb3 Ke5 33. Rad1 f5 34. Rc4 Re7 35. Rc6 Rea7 36. Rc4 Re7 37. Rd8 Re6 38. Rd7 h6 39. Rc6 Rxc6 40. bxc6 Rc5 41. c7 Ke6 42. Rg7 Kf6 43. Rh7 h5 44. Kb4 f4 45. a5 Rc2 46. axb6 Rb2+ 47. Ka5 Ra2+ 48. Kb5 Rb2+ 49. Ka6 Rc2 50. Kb7 f3 51. gxf3 Kf5 52. c8=Q+ Rxc8 53. Kxc8 Kf4 54. Rf7+ Ke3 55. b7 g5 56. b8=Q g4 57. Qf4+ Kf2 58. fxg4+ Kg2 59. Qg3+ Kh1 60. Rf1# 1-0


[Site "https://www.chess.com"]

[Event "Titled Tuesday Blitz November 14 Early 2023"]
[White "Manukyan, Sargis A."]
[Black "Friedland, Moshe"]
[WhiteFideId "13303970"]
[BlackFideId "2812843"]
[WhiteElo "2592"]
[BlackElo "2431"]
[Result "1-0"]
[Round "4"]
[TimeControl "180+1"]
[Date "2023.11.14"]
[WhiteClock "0:01:28"]
[BlackClock "0:00:00"]
[Board "119"]

1. d4 Nf6 2. c4 c5 3. d5 b5 4. cxb5 a6 5. bxa6 g6 6. Nc3 Bg7 7. Nf3 O-O 8. g3 d6 9. Bg2 Nbd7 10. Rb1 Nb6 11. b3 Bf5 12. Rb2 Ne4 13. Nxe4 Bxe4 14. Rd2 Bc3 15. O-O Bxd2 16. Qxd2 Bxd5 17. Qh6 f6 18. Bb2 e5 19. Rd1 Bxf3 20. exf3 Rxa6 21. a4 Qe7 22. f4 Rd8 23. Bc3 e4 24. a5 Nc8 25. Bf1 Ra7 26. Bc4+ Kh8 27. Rd5 Qg7 28. Qh4 Rf8 29. g4 Ne7 30. Rxd6 g5 31. fxg5 1-0


[Site "https://www.chess.com"]

[Event "Titled Tuesday Blitz November 14 Early 2023"]
[White "Xie, Bryan"]
[Black "Tikhonov, Viacheslav"]
[WhiteFideId "30941296"]
[BlackFideId "44196407"]
[WhiteElo "2409"]
[BlackElo "2590"]
[Result "0-1"]
[Round "4"]
[TimeControl "180+1"]
[Date "2023.11.14"]
[WhiteClock "0:00:14"]
[BlackClock "0:00:03"]
[Board "120"]

1. e4 c5 2. Nf3 g6 3. d4 cxd4 4. Nxd4 Nc6 5. Nc3 Bg7 6. Be3 Nf6 7. f3 O-O 8. Bc4 Qb6 9. Bb3 Nxe4 10. Nd5 Qa5+ 11. c3 Nc5 12. Nxc6 dxc6 13. Nxe7+ Kh8 14. Nxc8 Raxc8 15. O-O Rfe8 16. Bf2 Rcd8 17. Qc2 Kg8 18. Rfe1 Nxb3 19. Qxb3 b5 20. Kh1 Qc7 21. Bc5 Re5 22. Rxe5 Qxe5 23. Bd4 Qe2 24. Qb4 Bxd4 25. cxd4 a5 26. Qc5 Qxb2 27. Re1 Qxd4 28. Qxc6 Qd2 29. Rg1 Qe2 30. Qb6 Rd1 31. h4 Rxg1+ 32. Kxg1 a4 33. a3 Kg7 34. Qd4+ Kf8 35. Kh2 h5 36. Qc5+ Kg7 37. Qc4 bxc4 0-1


[Site "https://www.chess.com"]

[Event "Titled Tuesday Blitz November 14 Early 2023"]
[White "aghasiyevkamal"]
[Black "Dmitrenko, Viktor"]
[BlackFideId "14110270"]
[WhiteElo "2576"]
[BlackElo "2372"]
[Result "1/2-1/2"]
[Round "4"]
[TimeControl "180+1"]
[Date "2023.11.14"]
[WhiteClock "0:00:38"]
[BlackClock "0:00:04"]
[Board "121"]

1. e4 c5 2. Nf3 e6 3. g3 Nc6 4. Bg2 b6 5. O-O Bb7 6. Re1 d6 7. c3 Be7 8. d4 cxd4 9. cxd4 d5 10. exd5 Qxd5 11. Nc3 Qd7 12. d5 exd5 13. Ng5 Nf6 14. Nxd5 Nxd5 15. Bxd5 Nd8 16. Bxf7+ Nxf7 17. Qxd7+ Kxd7 18. Nxf7 Rhe8 19. Bf4 Bd5 20. Rad1 Kc6 21. Ne5+ Kb7 22. Rxd5 Bc5 1/2-1/2


[Site "https://www.chess.com"]

[Event "Titled Tuesday Blitz November 14 Early 2023"]
[White "Sharapov, Evgeny"]
[Black "Pham, Le Thao Nguyen"]
[WhiteFideId "14103133"]
[BlackFideId "12401226"]
[WhiteElo "2570"]
[BlackElo "2549"]
[Result "1/2-1/2"]
[Round "4"]
[TimeControl "180+1"]
[Date "2023.11.14"]
[WhiteClock "0:01:59"]
[BlackClock "0:00:30"]
[Board "122"]

1. e4 c6 2. d4 d5 3. e5 Bf5 4. Be3 e6 5. c4 Ne7 6. Nc3 Nd7 7. c5 b5 8. f4 h5 9. Nf3 a5 10. Be2 Bg4 11. O-O Nf5 12. Bf2 Be7 13. h3 Bxf3 14. Bxf3 g6 15. Qd2 Bh4 16. Bxh4 Qxh4 17. Ne2 Rg8 18. Qe1 Qxe1 19. Rfxe1 h4 20. Kf2 Ke7 21. Bg4 Rg7 22. Rad1 Nf8 23. Ng1 Nd7 24. Nf3 Rh8 25. Rg1 Rh6 26. Bxf5 gxf5 27. g3 hxg3+ 28. Rxg3 Rxg3 29. Kxg3 Nf8 30. Ng5 Ng6 31. Rf1 Rh4 32. Rf2 Kf8 33. Rf1 Ke7 34. Rf2 Kf8 35. Rf1 Ke7 1/2-1/2


[Site "https://www.chess.com"]

[Event "Titled Tuesday Blitz November 14 Early 2023"]
[White "The_Sherman_Variation"]
[Black "Bommini Mounika Akshaya"]
[BlackFideId "25019872"]
[WhiteElo "2569"]
[BlackElo "2270"]
[Result "0-1"]
[Round "4"]
[TimeControl "180+1"]
[Date "2023.11.14"]
[WhiteClock "0:00:48"]
[BlackClock "0:00:41"]
[Board "123"]

1. e4 Nc6 2. Nf3 d6 3. d4 Nf6 4. Nc3 Bg4 5. d5 Ne5 6. Nxe5 dxe5 7. f3 Bd7 8. Be3 e6 9. Bc4 exd5 10. Nxd5 Bd6 11. O-O O-O 12. Bg5 Bc5+ 13. Kh1 Re8 14. Qd2 c6 15. Nxf6+ gxf6 16. Bxf6 Qxf6 17. Qxd7 Rad8 18. Qg4+ Kh8 19. Rad1 Rxd1 20. Rxd1 Rd8 21. Rxd8+ Qxd8 22. Bd3 Qd4 23. Qc8+ Kg7 24. Qg4+ Kf8 25. Qc8+ Ke7 26. Qxb7+ Kf6 27. Qxc6+ Kg7 0-1


[Site "https://www.chess.com"]

[Event "Titled Tuesday Blitz November 14 Early 2023"]
[White "Thake, Conrad"]
[Black "Zaksaite, Salomeja"]
[WhiteFideId "5602947"]
[BlackFideId "12801496"]
[WhiteElo "1896"]
[BlackElo "2349"]
[Result "1/2-1/2"]
[Round "4"]
[TimeControl "180+1"]
[Date "2023.11.14"]
[WhiteClock "0:00:09"]
[BlackClock "0:00:03"]
[Board "124"]

1. e4 e5 2. Nf3 Nc6 3. d4 exd4 4. Bc4 Nf6 5. e5 d5 6. Bb5 Ne4 7. O-O Bd7 8. Bxc6 bxc6 9. Nxd4 Bc5 10. f3 Ng5 11. Be3 O-O 12. c3 Bb6 13. Qd2 Ne6 14. Nxe6 fxe6 15. b4 a5 16. Bd4 axb4 17. cxb4 Qh4 18. Bxb6 cxb6 19. a3 c5 20. bxc5 bxc5 21. Qf2 Qxf2+ 22. Rxf2 Rf4 23. Nd2 Rfa4 24. Rb1 Rxa3 25. Rb7 R8a7 26. Rb8+ Kf7 27. f4 Ra1+ 28. Rf1 Rxf1+ 29. Kxf1 c4 30. Ke2 c3 31. Nb3 Ba4 32. Kd3 Bxb3 33. Rxb3 Ra2 34. Rxc3 Rxg2 35. Rc7+ Kg6 36. h4 Rg4 37. Re7 Rxh4 38. Rxe6+ Kf7 39. Rd6 Rxf4 40. Rxd5 Ke6 41. Ra5 h5 42. Ke3 Rf5 43. Ke4 Rg5 44. Kf4 Rg4+ 45. Kf3 Rc4 46. Ra7 g5 47. Rg7 g4+ 48. Kg3 Kxe5 49. Rg5+ Kf6 50. Rxh5 Kg6 51. Ra5 Rc3+ 52. Kg2 Rc4 53. Kg3 Rc3+ 54. Kg2 Rc2+ 55. Kg3 Rc3+ 1/2-1/2


[Site "https://www.chess.com"]

[Event "Titled Tuesday Blitz November 14 Early 2023"]
[White "Yeletsky, Ivan"]
[Black "dumbernugget"]
[WhiteFideId "24180327"]
[WhiteElo "2897"]
[BlackElo "2029"]
[Result "1-0"]
[Round "4"]
[TimeControl "180+1"]
[Date "2023.11.14"]
[WhiteClock "0:01:22"]
[BlackClock "0:00:08"]
[Board "125"]

1. e4 c5 2. Nf3 d6 3. d4 cxd4 4. Nxd4 Nf6 5. Nd2 g6 6. c4 Bg7 7. Be2 O-O 8. O-O Nc6 9. Nxc6 bxc6 10. Rb1 d5 11. cxd5 cxd5 12. e5 Nd7 13. Nf3 Nxe5 14. Nxe5 Bxe5 15. Bh6 Bg7 16. Bxg7 Kxg7 17. Bf3 e6 18. b4 Rb8 19. a4 Bd7 20. b5 Qb6 21. Qd2 a6 22. h4 axb5 23. axb5 h6 24. Rfe1 Qc5 25. Rec1 Qe7 26. b6 Qxh4 27. Rc7 Rfd8 28. b7 Qe7 29. Qc3+ Qf6 30. Qc5 Qf5 31. Ra1 Qf6 32. Ra7 d4 33. Be4 e5 34. Ra8 Rxa8 35. bxa8=Q Rxa8 36. Bxa8 Be6 37. Bd5 Bf5 38. Rxf7+ 1-0


[Site "https://www.chess.com"]

[Event "Titled Tuesday Blitz November 14 Early 2023"]
[White "GaiozNigalidze"]
[Black "Joie, Sebastien"]
[BlackFideId "650420"]
[WhiteElo "2744"]
[BlackElo "2434"]
[Result "0-1"]
[Round "4"]
[TimeControl "180+1"]
[Date "2023.11.14"]
[WhiteClock "0:01:00"]
[BlackClock "0:00:03"]
[Board "126"]

1. e4 c5 2. Nf3 Nc6 3. d4 cxd4 4. Nxd4 g6 5. Nc3 Bg7 6. Bc4 Nf6 7. Be3 O-O 8. f3 Qb6 9. Rb1 Ng4 10. fxg4 Nxd4 11. Nd5 Qc5 12. Qd3 b5 13. Bb3 e6 14. c3 exd5 15. cxd4 Qb4+ 16. Bd2 dxe4 17. Qxe4 Qxd4 18. Qxa8 Re8+ 19. Kf1 Qxd2 20. Qf3 b4 21. Bc4 Re7 22. b3 Qd4 23. Rd1 Qc3 24. h4 d5 25. Qxd5 Bxg4 26. Qd8+ Bf8 27. Kf2 Bxd1 28. Rxd1 Qe3+ 29. Kf1 Qf4+ 30. Kg1 Qxh4 31. Qd4 Qg5 32. Rf1 Rc7 33. Qd3 Bc5+ 34. Kh1 Qh4+ 35. Qh3 Qg5 36. Qf3 Kg7 37. g3 f6 38. Kg2 Re7 39. Rd1 Be3 40. Re1 Bc5 41. Rd1 Qe5 42. Rd2 Qc3 43. Rd8 Qc1 44. Rd1 Qc3 45. Kh3 Qxf3 46. Rd7 Qh5+ 47. Kg2 Rxd7 48. Be6 Qd1 0-1


[Site "https://www.chess.com"]

[Event "Titled Tuesday Blitz November 14 Early 2023"]
[White "Panchenko, Dmitry"]
[Black "Davidson, Kevin"]
[WhiteFideId "4169158"]
[BlackFideId "2056810"]
[WhiteElo "2743"]
[BlackElo "2432"]
[Result "1/2-1/2"]
[Round "4"]
[TimeControl "180+1"]
[Date "2023.11.14"]
[WhiteClock "0:00:15"]
[BlackClock "0:00:00"]
[Board "127"]

1. e4 c5 2. Nf3 d6 3. Bb5+ Nd7 4. a4 Nf6 5. Nc3 a6 6. Be2 e6 7. d4 cxd4 8. Qxd4 Be7 9. O-O O-O 10. Rd1 Qc7 11. Be3 Ne5 12. Qb6 Nxf3+ 13. Bxf3 Qxb6 14. Bxb6 Bd7 15. a5 Bc6 16. Rd2 Rac8 17. Rad1 Nd7 18. Be3 f5 19. Rxd6 Bxd6 20. Rxd6 Nf6 21. Rxe6 Nxe4 22. Nxe4 Bxe4 23. Bxe4 fxe4 24. c3 Rfe8 25. Rb6 Re7 26. Kf1 Kf7 27. Ke2 h6 28. Bd4 Rc6 29. Rb4 Rg6 30. g3 Rge6 31. Ke3 g5 32. Bc5 Rc7 33. Bb6 Rc8 34. h3 Rce8 35. Rd4 R8e7 36. Bc5 Rc7 37. b4 Kf6 38. Rxe4 Rxe4+ 39. Kxe4 Rd7 40. Bd4+ Ke6 41. f4 gxf4 42. gxf4 Rd5 43. c4 Rh5 44. Be5 Rxh3 45. f5+ Kf7 46. b5 axb5 47. cxb5 Ra3 48. Bc7 Rb3 49. a6 bxa6 50. bxa6 Ra3 51. Bf4 Rxa6 52. Be5 Ra4+ 53. Kf3 Ra5 54. Kf4 Ra4+ 55. Kg3 h5 56. Kh3 Ra5 57. Bg3 Rxf5 58. Kh4 Kg6 59. Be1 Re5 60. Bd2 Re4+ 61. Kg3 Rd4 62. Bf4 Kf5 63. Bc7 Rg4+ 64. Kh3 Rc4 65. Bd6 Kg5 66. Be7+ Kg6 67. Bd6 Rd4 68. Be5 Re4 69. Bd6 Kg5 70. Bc7 Re3+ 71. Kg2 Rc3 72. Bd8+ Kg4 73. Be7 Rc2+ 74. Kg1 h4 75. Bd6 Kh3 76. Be5 Rc1+ 77. Kf2 Kg4 78. Kg2 Rc2+ 79. Kg1 Re2 80. Bc7 Re7 81. Bd6 Re6 82. Bc7 Rf6 83. Kh2 Rf7 84. Bd6 Rf2+ 85. Kh1 Rd2 86. Bc7 Kh3 87. Kg1 Rd1+ 88. Kf2 Rc1 89. Be5 Rc2+ 90. Kf1 Kg4 91. Kg1 Kf3 92. Kh1 Re2 93. Bd6 Rd2 94. Be5 Re2 95. Bc7 h3 96. Bd6 Kg4 97. Bc7 Kf3 98. Bd6 Rd2 99. Bc7 Rc2 100. Bd6 Ra2 101. Bc7 Kf2 102. Kh2 Ra3 103. Be5 Rb3 104. Bc7 Kf3 105. Bd6 Kg4 106. Kg1 Rb2 107. Bc7 Rg2+ 108. Kh1 Re2 109. Kg1 Re7 110. Bd6 Rg7 111. Kh2 1/2-1/2


[Site "https://www.chess.com"]

[Event "Titled Tuesday Blitz November 14 Early 2023"]
[White "Sattarov, Bobir"]
[Black "ATM622"]
[WhiteFideId "14203081"]
[WhiteElo "2739"]
[BlackElo "2431"]
[Result "1-0"]
[Round "4"]
[TimeControl "180+1"]
[Date "2023.11.14"]
[WhiteClock "0:00:40"]
[BlackClock "0:00:28"]
[Board "128"]

1. e4 c6 2. c4 d5 3. exd5 cxd5 4. cxd5 Nf6 5. Qa4+ Bd7 6. Qb3 Bc8 7. Nc3 Nbd7 8. Bc4 Ne5 9. d3 a6 10. a4 g6 11. Bf4 Nfd7 12. Nge2 Bg7 13. O-O O-O 14. Ng3 h5 15. h3 Nc5 16. Qc2 Qa5 17. Rfe1 Nxc4 18. dxc4 h4 19. Nge4 Bf5 20. f3 Qb4 21. Qe2 Nb3 22. Rad1 Nd4 23. Qf2 Qxc4 24. Qxh4 f6 25. Be3 e5 26. dxe6 Nxe6 27. Nxf6+ 1-0


[Site "https://www.chess.com"]

[Event "Titled Tuesday Blitz November 14 Early 2023"]
[White "Arnold, Ken"]
[Black "Aradhya, Garg"]
[WhiteFideId "2056836"]
[BlackFideId "25006746"]
[WhiteElo "2429"]
[BlackElo "2733"]
[Result "0-1"]
[Round "4"]
[TimeControl "180+1"]
[Date "2023.11.14"]
[WhiteClock "0:00:01"]
[BlackClock "0:00:46"]
[Board "129"]

1. e4 e5 2. Nf3 Nc6 3. Bb5 a6 4. Ba4 Nf6 5. O-O Be7 6. d4 exd4 7. e5 Ne4 8. Re1 Nc5 9. Bxc6 dxc6 10. Nxd4 O-O 11. Nc3 Re8 12. Bf4 Ne6 13. Nxe6 Bxe6 14. Qe2 Qd4 15. Bg3 Rad8 16. a3 h5 17. Rad1 Qg4 18. h3 Qxe2 19. Nxe2 Bf5 20. Nd4 Bg6 21. c3 Rd5 22. e6 c5 23. exf7+ Bxf7 24. Nf3 c6 25. Ne5 Bf6 26. f4 h4 27. Bf2 Rxd1 28. Rxd1 Bxe5 29. fxe5 Rxe5 30. Bxh4 Re2 31. b4 Bd5 32. Bf2 cxb4 33. axb4 Rc2 34. Rd3 Kf7 35. Rg3 g6 36. Bd4 Be4 37. Rg4 Bf5 38. Rf4 Ke6 39. g4 Bd3 40. Rf6+ Kd5 41. h4 c5 42. Bxc5 Rxc3 43. h5 gxh5 44. gxh5 Be4 45. Rd6+ Ke5 46. h6 Rh3 47. Rb6 Bc6 48. Bf2 Rxh6 49. b5 Rg6+ 50. Kf1 Bxb5+ 51. Ke1 Rg7 52. Rh6 Kd5 53. Rh4 Re7+ 54. Kd1 Kc6 55. Rd4 a5 56. Be1 b6 57. Bd2 Be2+ 58. Kc1 Bf3 59. Bf4 Bd5 60. Kd2 b5 61. Be3 a4 62. Rd3 b4 63. Rd4 Rb7 64. Kc2 a3 65. Bc1 b3+ 66. Kc3 b2 67. Bxb2 axb2 0-1


[Site "https://www.chess.com"]

[Event "Titled Tuesday Blitz November 14 Early 2023"]
[White "Foisor, Sabina-Francesca"]
[Black "De Silva, L M S T"]
[WhiteFideId "1212915"]
[BlackFideId "9953698"]
[WhiteElo "2429"]
[BlackElo "2715"]
[Result "0-1"]
[Round "4"]
[TimeControl "180+1"]
[Date "2023.11.14"]
[WhiteClock "0:01:09"]
[BlackClock "0:01:30"]
[Board "130"]

1. d4 g6 2. c4 Bg7 3. Nc3 d6 4. Nf3 Nd7 5. g3 e6 6. Bg2 Ne7 7. O-O Rb8 8. e4 b6 9. Bg5 h6 10. Be3 Bb7 11. Qd2 g5 12. Rad1 Ng6 13. d5 e5 14. b4 Bc8 15. a3 Nf6 16. c5 Ng4 17. cxd6 cxd6 18. Nb5 Nxe3 19. Qxe3 Qd7 20. a4 a6 21. Nc3 O-O 22. Rc1 Qe7 23. b5 a5 24. Nb1 f5 25. Na3 f4 26. Qd3 g4 27. Nd2 f3 28. Nxf3 gxf3 29. Bxf3 Bh3 30. Rfe1 Rf7 31. Rc6 Rbf8 32. Re3 Qg5 33. Rxd6 Nh4 34. Be2 Rxf2 35. Nc4 Rg2+ 36. Kh1 Rff2 37. Nd2 Rxh2+ 38. Kg1 Rfg2+ 39. Kf1 Rh1# 0-1


[Site "https://www.chess.com"]

[Event "Titled Tuesday Blitz November 14 Early 2023"]
[White "Kassimov, Baurzhan"]
[Black "Lukovic, Vladimir"]
[WhiteFideId "13704800"]
[BlackFideId "942952"]
[WhiteElo "2428"]
[BlackElo "2697"]
[Result "1-0"]
[Round "4"]
[TimeControl "180+1"]
[Date "2023.11.14"]
[WhiteClock "0:00:04"]
[BlackClock "0:00:00"]
[Board "131"]

1. c4 e5 2. Nc3 Nc6 3. Nf3 g6 4. e3 Bg7 5. Be2 Nge7 6. O-O O-O 7. d4 d6 8. d5 Nb8 9. e4 h6 10. Ne1 f5 11. Nd3 Nd7 12. f3 Nc5 13. Nxc5 dxc5 14. Be3 b6 15. Qd2 f4 16. Bf2 g5 17. Rfd1 Ng6 18. d6 c6 19. d7 Bb7 20. a3 Rf7 21. b4 Nf8 22. bxc5 Rxd7 23. Qa2 bxc5 24. Bxc5 Ne6 25. Bf2 c5 26. Nd5 Nd4 27. Bd3 Bc6 28. Re1 Ne6 29. Rab1 Rb8 30. Rxb8 Qxb8 31. Rb1 Qf8 32. a4 Rb7 33. a5 Rxb1+ 34. Qxb1 Kh7 35. a6 h5 36. Be2 Kh6 37. h4 Bf6 38. hxg5+ Bxg5 39. Qb2 Nd4 40. Bd1 Qd8 41. Qa3 Qd6 42. Be1 Bd8 43. Ba5 Bxa5 44. Qxa5 h4 45. Ba4 Bxd5 46. cxd5 Qg6 47. Qd8 Nxf3+ 48. Kh1 Ng5 49. Qh8+ Nh7 50. Qxe5 Qg3 51. Qe6+ Kg7 52. Be8 Qe1+ 53. Kh2 Qg3+ 54. Kh1 h3 55. Qxh3 Qe1+ 56. Kh2 Ng5 57. Qg4 1-0


[Site "https://www.chess.com"]

[Event "Titled Tuesday Blitz November 14 Early 2023"]
[White "Suspenser17"]
[Black "MKlose11"]
[WhiteElo "2423"]
[BlackElo "2680"]
[Result "0-1"]
[Round "4"]
[TimeControl "180+1"]
[Date "2023.11.14"]
[WhiteClock "0:00:04"]
[BlackClock "0:00:47"]
[Board "132"]

1. e4 e6 2. d4 d5 3. Nd2 Be7 4. Ngf3 Nf6 5. e5 Nfd7 6. Bd3 c5 7. c3 Nc6 8. O-O a5 9. Re1 cxd4 10. cxd4 Qb6 11. Qe2 Nxd4 12. Nxd4 Qxd4 13. Nf3 Qb6 14. Be3 Bc5 15. Bxc5 Nxc5 16. Bb5+ Bd7 17. Nd4 Bxb5 18. Nxb5 Ne4 19. a4 O-O 20. Qe3 Qxe3 21. Rxe3 Rac8 22. f3 Nd2 23. b3 Rc2 24. Rd1 Rb2 25. Nd4 Nb1 26. Rc1 h6 27. Rc7 b6 28. Rc6 Rb8 29. Re2 Rxe2 30. Nxe2 b5 31. Ra6 bxa4 32. bxa4 Rb2 33. Kf1 Nd2+ 34. Ke1 Nc4 35. h4 Ra2 36. Ra8+ Kh7 37. Ra7 Nxe5 38. Rxa5 Nd3+ 39. Kd1 Rxa4 40. Rb5 Rxh4 41. Rb7 Kg6 42. Kd2 Ne5 43. Ke3 Nc4+ 44. Kf2 e5 45. Rd7 d4 46. Rc7 Ne3 47. Rc5 f6 48. f4 Rh5 49. Kf3 e4+ 0-1


[Site "https://www.chess.com"]

[Event "Titled Tuesday Blitz November 14 Early 2023"]
[White "Daniel_Salinas"]
[Black "Godzwon, Iwo"]
[BlackFideId "21802483"]
[WhiteElo "2421"]
[BlackElo "2661"]
[Result "1-0"]
[Round "4"]
[TimeControl "180+1"]
[Date "2023.11.14"]
[WhiteClock "0:01:11"]
[BlackClock "0:01:36"]
[Board "133"]

1. Nf3 b6 2. e4 Bb7 3. Nc3 c5 4. d4 cxd4 5. Nxd4 Nc6 6. Be3 g6 7. Nxc6 dxc6 8. Bd4 f6 9. Bc4 e5 10. Be3 Bb4 11. Qf3 Qe7 12. O-O-O h5 13. Qg3 g5 14. Qf3 Nh6 15. Qxh5+ Kf8 16. Qg6 Nf7 17. Qxf7+ 1-0


[Site "https://www.chess.com"]

[Event "Titled Tuesday Blitz November 14 Early 2023"]
[White "Gubajdullin, Alexei"]
[Black "Preobrazhenska_D2011"]
[WhiteFideId "4141202"]
[WhiteElo "2659"]
[BlackElo "2421"]
[Result "0-1"]
[Round "4"]
[TimeControl "180+1"]
[Date "2023.11.14"]
[WhiteClock "0:00:09"]
[BlackClock "0:00:08"]
[Board "134"]

1. d4 Nf6 2. Nf3 b6 3. Bf4 d5 4. e3 Bb7 5. Be2 e6 6. h3 Be7 7. O-O O-O 8. a4 c5 9. a5 Nc6 10. a6 Bc8 11. Bb5 Bd7 12. Qe2 Ne4 13. Ne5 Nxe5 14. Bxe5 c4 15. Bxd7 Qxd7 16. f3 Nd6 17. Bxd6 Qxd6 18. c3 b5 19. e4 Rab8 20. e5 Qc6 21. f4 Rb6 22. f5 exf5 23. Rxf5 Rxa6 24. Rxa6 Qxa6 25. Kh2 Qg6 26. Qf3 a5 27. Nd2 b4 28. Nf1 b3 29. Ne3 Rd8 30. g4 Qe6 31. Ng2 g6 32. Nf4 Qc6 33. Rxf7 Kxf7 34. g5 Kg7 35. Qg4 Ra8 36. h4 a4 37. h5 a3 38. Ne6+ Kg8 39. hxg6 hxg6 40. Nf4 axb2 41. Qd1 Ra1 42. Qf3 b1=Q 43. Ng2 Qh1+ 44. Kg3 Rf1 45. Qg4 Qg1 46. Qe2 Qe6 47. Qd2 Qf5 48. Kh4 Qgf2+ 49. Qxf2 Qxf2+ 50. Kh3 Rh1+ 51. Kg4 Qxg2+ 0-1


[Site "https://www.chess.com"]